 Dungeon Crawl Stone Soup version 0.20.1-1-g8b1a95d (webtiles) character file.

163080 letownia2 the Severer (level 17, -15/163 HPs)
             Began as a Deep Dwarf Necromancer on Nov 20, 2017.
             Was an Initiate of Gozag.
             Killed from afar by a deep elf sorcerer (28 damage)
             ... with damnation
             ... on level 3 of the Elven Halls on Nov 22, 2017.
             The game lasted 02:27:32 (40890 turns).

letownia2 the Severer (Deep Dwarf Necromancer)     Turns: 40890, Time: 02:27:33

Health: -15/163    AC: 24    Str: 22    XL:     17   Next: 23%
Magic:  5/30       EV: 13    Int: 25    God:    Gozag
Gold:   2086       SH:  6    Dex: 20    Spells: 24/34 levels left

rFire    . . .     SeeInvis +   a - +2 broad axe (flame)
rCold    + . .     Gourm    .   (no shield)
rNeg     + . .     Faith    .   J - +7 chain mail of the Abyss {Dex+2}
rPois    +         Spirit   .   s - +1 helmet
rElec    +         Reflect  +   T - scarf {repulsion}
rCorr    .         Harm     .   P - +1 pair of gloves of Follow the Leader {*Drain rElec MR+ Dex+5}
MR       +++..                  I - +0 pair of boots "Liafu" {+Fly rPois Str+6 SInv}
Stlth    ..........             z - +6 amulet of reflection
Regen    0.0/turn               C - +6 ring of intelligence
MPRegen  0.3/turn               q - ring of protection from cold

@: non-regenerating, repel missiles
A: damage resistance, heal wounds, negative energy resistance 1, sense
surroundings 2, no regeneration
a: Heal Wounds, Potion Petition, Call Merchant, Bribe Branch, Renounce Religion,
Evoke Flight


You were on level 3 of the Elven Halls.
You worshipped Gozag.
Gozag was most pleased with you.
You were not hungry.

You visited 7 branches of the dungeon, and saw 30 of its levels.
You also visited: Ice Cave.

You collected 10642 gold pieces.
You spent 345 gold pieces at shops.
You paid 8211 gold pieces to Gozag.

Inventory:

Hand Weapons
 a - a +2 broad axe of flaming (weapon)
 b - a +0 battleaxe of protection
 n - a +0 blowgun
Missiles
 r - 3 curare-tipped needles
 u - 6 javelins
 Z - 4 throwing nets (quivered)
Armour
 s - a +1 helmet (worn)
 I - the +0 pair of boots "Liafu" (worn) {+Fly rPois Str+6 SInv}
   (You bought it in a shop on level 2 of the Lair of Beasts)

   It affects your strength (+6).
   It protects you from poison.
   It lets you see invisible.
   It lets you fly.
 J - the +7 chain mail of the Abyss (worn) {Dex+2}
   (You found it on level 10 of the Dungeon)

   It affects your dexterity (+2).
 P - the +1 pair of gloves of Follow the Leader (worn) {*Drain rElec MR+ Dex+5}
   (You acquired it on level 14 of the Dungeon)

   It affects your dexterity (+5).
   It insulates you from electricity.
   It affects your resistance to hostile enchantments.
   It causes draining when unequipped.
 T - a scarf of repulsion (worn)
Jewellery
 g - an uncursed ring of protection from fire
 q - a ring of protection from cold (right hand)
 z - a +6 amulet of reflection (around neck)
 C - a +6 ring of intelligence (left hand)
 V - an uncursed amulet of the gourmand
 Y - an uncursed ring of protection from magic
Wands
 k - a wand of paralysis (10/24)
 w - a wand of acid (2/15)
 y - a wand of iceblast (4/15)
 D - a wand of confusion (25/48)
 K - a wand of disintegration (10/24)
 L - a wand of iceblast (0/15)
 M - a wand of lightning (6/15)
 R - a wand of iceblast (12/15)
Scrolls
 d - 10 scrolls of teleportation
 h - a scroll of blinking
 m - 2 scrolls of fog
 o - 5 scrolls of magic mapping
 F - 5 scrolls of recharging
 G - 3 scrolls of immolation
 H - a scroll of fear
 N - 4 scrolls of remove curse
 W - 3 scrolls of identify
Potions
 e - 11 potions of heal wounds
 i - 2 potions of cancellation
 j - 9 potions of curing
 l - 5 potions of haste
 p - a potion of magic
 t - 4 potions of agility
 v - a potion of might
 x - 3 potions of mutation
 A - 3 potions of berserk rage
 B - a potion of flight
 E - a potion of ambrosia
 O - a potion of brilliance {unknown}
 Q - 2 potions of lignification
 S - 5 potions of resistance
 U - a potion of invisibility
Miscellaneous
 f - a lamp of fire
 X - a sack of spiders
Comestibles
 c - 7 bread rations


   Skills:
 + Level 13.1 Fighting
 - Level 20.2 Axes
 - Level 10.0 Armour
 - Level 7.3 Dodging
 - Level 2.4 Stealth
   Level 5.1 Shields
 - Level 9.3 Spellcasting
 - Level 3.3 Conjurations
 - Level 11.8 Necromancy
 - Level 3.6 Fire Magic
 - Level 6.2 Evocations


You had 24 spell levels left.
You knew the following spells:

 Your Spells              Type           Power        Failure   Level  Hunger
a - Pain                  Necr           ####         1%          1    None
c - Conjure Flame         Conj/Fire      ####....     22%         3    None
d - Flame Tongue          Conj/Fire      ####.        8%          1    None
s - Swiftness             Chrm/Air       ##......     43%         2    None
v - Vampiric Draining     Necr           ######....   1%          3    None


Dungeon Overview and Level Annotations

Branches:
Dungeon (15/15) Temple (1/1) D:4 Lair (6/6) D:11 Swamp (2/4) Lair:2 Spider (1/4) Lair:4 Slime (0/5) Lair:6 Orc (2/2) D:9 Elf (3/3) Orc:2 Vaults (0/5) D:12 D:13 Depths (0/5) D:15

Altars:
Ashenzari
Cheibriados
Dithmenos
Elyvilon
Gozag
Hepliaklqana
Makhleb
Nemelex Xobeh
Okawaru
Qazlal
Ru
Sif Muna
Vehumet
Xom
Yredelemnul
Zin
The Shining One
Beogh

Shops:
D:4 ?   D:8 *   D:10 !   Orc:1 %   Orc:2 *%:%   Elf:1 *   Elf:3 [
Lair:2 [=([[[

Annotations:
Lair:3 exclusion: 2 oklob plants
Elf:1 exclusion: orange crystal statue
Elf:2 3 runed doors


Innate Abilities, Weirdness & Mutations

You are resistant to damage.
You can heal yourself by infusing magical energy.
You resist negative energy. (rN+)
You passively map the area around you.
You do not regenerate.


Message History

The deep elf sorcerer gestures wildly while chanting.
The deep elf sorcerer seems to speed up.
Items here: ( )) [ a leather armour; 11 arrows; an uncursed short sword; an uncursed shortbow
Okay, then.
As you read the scroll of fear, it crumbles to dust.
You assume a fearsome visage.
The deep elf sorcerer resists with almost no effort.
The deep elf sorcerer casts a spell at you.
The sphere of damnation explodes!
The damnation engulfs you!
* * * LOW HITPOINT WARNING * * *
You hear a shout!
Unknown command.
As you read the scroll of fear, it crumbles to dust.
You assume a fearsome visage.
The deep elf sorcerer resists with almost no effort.
The deep elf sorcerer gestures at you while chanting.
The sphere of damnation explodes!
The damnation engulfs you!
You die...
Your body crumbles into a pile of gold.

#..P8P..# ######..PPP..# ###
##...###.....## ##.##
###..<.##'....## ##...##
#.....).'##.'## ##..P..##
#####.......## #.# ##..P.P(.##
....'.......# #.# #..P...P..#
#####.......## #.####....P..##
#)....[..# #@##...)..[.##
##[#...'..# #.# #.(...$'##
##.####...####e###[e....$.####
##.## ####[.##'...#.#.####(..#
##.## ##.....'.##### ##(.#
#.## ##.......# #...## .##
#.......## ###..# ## ###
#...(...# ###. # ##.##
#.......# #### ##


You could see a deep elf sorcerer.

Vanquished Creatures
  Frances (D:12)
  A deep elf sorcerer (Elf:3)
  A ghoul (Swamp:2)
  An ironheart preserver (D:13)
  3 deep elf elementalists
  A reaper (IceCv)
  An entropy weaver (Spider:1)
  The ghost of Zogzag the Frost Mage, a journeyman HuIE of Okawaru (Lair:6)
  2 deep elf demonologists
  Nessos (D:12)
  2 deep elf death magi
  The ghost of pichaelthompson the Protected, a journeyman DsBe of Trog (Orc:2)
  2 deep elf high priests (Elf:3)
  The ghost of Ymberto the Eclecticist, a journeyman DECj of Sif Muna (Lair:4)
  Fannar (D:12)
  12 hydras
  A merfolk avatar (Lair:6)
  5 centaur warriors
  The ghost of MovingMist the Protected, a journeyman GrBe of Trog (D:9)
  4 alligators
  10 two-headed ogres
  A death yak (Lair:4)
  2 tengu warriors
  Urug (Orc:1)
  8 orc high priests
  11 deep elf knights
  A fire crab (shapeshifter) (D:13)
  3 skeletal warriors (D:13)
  A sea snake (Lair:6)
  A flayed ghost (D:13)
  A shambling mangrove (Swamp:1)
  4 swamp dragons
  10 deep elf archers
  8 orc knights
  A harpy (Lair:6)
  3 cyclopes
  8 ugly things
  37 deep elf magi
  2 orc sorcerers
  A faun (shapeshifter) (D:13)
  2 manticores
  Maurice (D:13)
  7 elephants (Lair:6)
  5 black mambas
  2 ice statues (IceCv)
  Psyche (D:12)
  17 spiny frogs
  A freezing wraith (D:13)
  4 kobold demonologists
  3 centaur skeletons
  2 yaktaurs (D:13)
  2 rime drakes (Lair:6)
  10 komodo dragons
  7 ice devils (IceCv)
  A tengu conjurer (D:14)
  5 trolls
  9 jumping spiders
  3 tyrant leeches (Swamp:1)
  6 hornets
  8 blink frogs
  A troll (shapeshifter) (Elf:3)
  3 polar bears (Lair:6)
  A harpy skeleton (D:14)
  A raiju (shapeshifter) (D:14)
  12 bog bodies
  16 slime creatures
  4 hippogriffs
  A snapping turtle (shapeshifter) (D:13)
  3 water elementals
  4 dream sheep (Lair:6)
  13 redbacks
  A spriggan (shapeshifter) (D:13)
  2 spriggans (Swamp:1)
  2 tarantellas
  3 air elementals
  5 wraiths
  8 wyverns
  4 basilisks
  2 fire elementals (Elf:1)
  35 yaks
  16 humans (D:12)
  12 vampire mosquitoes
  5 wargs
  3 insubstantial wisps (Swamp:1)
  11 swamp worms
  3 acid dragons
  A soldier ant (D:11)
  3 swamp drakes
  10 porcupines
  16 water moccasins
  43 orc warriors
  2 black bears
  12 ice beasts
  4 sky beasts
  An eye of draining (D:11)
  A phantom (D:10)
  12 ogres
  4 necrophages (Swamp:1)
  22 centaurs
  14 crocodiles
  4 big kobolds
  2 earth elementals
  12 bullfrogs
  A wyvern zombie (D:8)
  3 scorpions
  11 killer bees
  11 wights
  A howler monkey (D:12)
  4 crimson imps
  4 bullfrog zombies
  10 jellies
  4 bullfrog skeletons
  2 hounds
  47 orc priests
  27 orc wizards
  A gnoll shaman (D:9)
  7 iguanas
  9 worker ants
  A hound zombie (D:6)
  A hound skeleton (D:8)
  6 gnolls
  Robin (D:2)
  A worker ant zombie (D:9)
  11 adders
  6 shadow imps
  10 white imps (IceCv)
  5 ufetubi (IceCv)
  4 oozes
  An adder zombie (D:9)
  An adder skeleton (D:8)
  A worm (D:5)
  2 dart slugs
  4 leopard geckos
  114 orcs
  A ball python (D:5)
  3 giant cockroaches
  14 goblins
  6 hobgoblins
  4 jackals (D:11)
  18 kobolds
  6 quokkas
  9 bats
  5 frilled lizards
  A jackal skeleton (D:8)
  A quokka skeleton (D:5)
  7 rats
  4 fungi
  2 plants
979 creatures vanquished.

Vanquished Creatures (others)
  2 centaur warriors (D:13)
  9 dancing weapons
  A harpy zombie (D:15)
  A floating eye (shapeshifter) (Elf:3)
  A centaur (D:13)
  A wight (D:14)
  4 white imps (IceCv)
  An ufetubus (IceCv)
  An orc (D:15)
  14 fungi
  19 plants
54 creatures vanquished.

Grand Total: 1033 creatures vanquished

Notes
Turn   | Place    | Note
-------+----------+-------------------------------------------
     0 | D:1      | letownia2 the Deep Dwarf Necromancer began the quest for the Orb.
     0 | D:1      | Reached XP level 1. HP: 15/15 MP: 3/3
   362 | D:2      | Reached XP level 2. HP: 7/22 MP: 3/5
   628 | D:3      | Reached skill level 5 in Necromancy
   628 | D:3      | Reached XP level 3. HP: 6/28 MP: 1/6
   637 | D:3      | Learned a level 3 spell: Vampiric Draining
  1042 | D:4      | Found a staircase to the Ecumenical Temple.
  1054 | Temple   | Entered the Ecumenical Temple
  1141 | Temple   | Became a worshipper of Gozag Ym Sagoz the Greedy
  1332 | D:4      | Reached XP level 4. HP: 20/36 MP: 0/9
  1609 | D:4      | Found Rinedd's Magic Scroll Boutique.
  1657 | D:4      | Reached XP level 5. HP: 23/42 MP: 3/10
  2726 | D:2      | Noticed Robin
  2733 | D:2      | Killed Robin
  3081 | D:1      | Reached XP level 6. HP: 33/49 MP: 8/11
  3465 | D:3      | Reached skill level 1 in Armour
  3551 | D:5      | Entered Level 5 of the Dungeon
  3947 | D:5      | Noticed a troll
  4245 | D:5      | Reached skill level 1 in Fighting
  4516 | D:5      | Reached XP level 7. HP: 24/57 MP: 12/12
  5981 | D:6      | Reached skill level 1 in Evocations
  6578 | D:6      | Reached XP level 8. HP: 28/68 MP: 0/14
  6857 | D:7      | Noticed a two-headed ogre
  7243 | D:8      | Reached skill level 5 in Spellcasting
  8347 | D:9      | Noticed MovingMist's ghost (journeyman GrBe)
  8549 | D:9      | Gained mutation: You passively map the area around you. [Deep Dwarf growth]
  8549 | D:9      | Reached XP level 9. HP: 43/74 MP: 9/19
  8712 | D:9      | Noticed a purple ugly thing
  8820 | D:9      | Killed a purple ugly thing
  8990 | D:9      | Noticed a two-headed ogre
  9002 | D:9      | Killed a two-headed ogre
  9141 | D:9      | Found a staircase to the Orcish Mines.
  9346 | D:9      | Noticed a two-headed ogre
  9359 | D:9      | Reached skill level 1 in Axes
  9512 | D:6      | Reached skill level 2 in Axes
  9726 | D:10     | Entered Level 10 of the Dungeon
  9801 | D:10     | Noticed a two-headed ogre
  9814 | D:10     | Killed a two-headed ogre
  9814 | D:10     | Reached skill level 4 in Axes
  9814 | D:10     | Reached XP level 10. HP: 63/87 MP: 2/22
  9958 | D:10     | Found Fynec's Distillery.
  9975 | D:10     | Bought a potion of degeneration for 13 gold pieces
 10108 | D:10     | Noticed a two-headed ogre
 10125 | D:10     | Killed a two-headed ogre
 10125 | D:10     | Reached skill level 6 in Axes
 10212 | D:10     | Got a distressingly furry chain mail
 10227 | D:10     | Identified the +7 chain mail of the Abyss {Dex+2} (You found it on level 10 of the Dungeon)
 10389 | D:10     | Found a shimmering altar of Xom.
 10389 | D:10     | Found a shimmering altar of Xom.
 10389 | D:10     | Found a shimmering altar of Xom.
 10390 | D:10     | Found a shimmering altar of Xom.
 10390 | D:10     | Noticed a two-headed ogre
 10404 | D:10     | Found a shimmering altar of Xom.
 10595 | D:11     | Reached skill level 5 in Armour
 10709 | D:11     | Found a staircase to the Lair.
 11088 | D:11     | Noticed a green ugly thing
 11114 | D:11     | Killed a white ugly thing
 11180 | D:11     | Noticed a two-headed ogre
 11222 | D:11     | Killed a two-headed ogre
 11222 | D:11     | Reached XP level 11. HP: 70/92 MP: 13/23
 11286 | D:11     | Noticed a two-headed ogre
 11293 | D:11     | Killed a two-headed ogre
 11544 | D:11     | Noticed a soul eater
 11763 | D:10     | Killed a two-headed ogre
 11763 | D:10     | Reached skill level 10 in Necromancy
 12126 | D:9      | Killed a two-headed ogre
 12719 | Orc:1    | Entered Level 1 of the Orcish Mines
 13110 | Orc:1    | Found a shimmering altar of Xom.
 13175 | Orc:1    | Found Tel Qirch's Food Shoppe.
 13188 | Orc:1    | Reached skill level 7 in Axes
 13362 | Orc:2    | Entered Level 2 of the Orcish Mines
 13362 | Orc:2    | Found a staircase to the Elven Halls.
 13499 | Orc:1    | Noticed Urug
 13499 | Orc:1    | Noticed an orc high priest
 13559 | Orc:2    | Noticed pichaelthompson's ghost (journeyman DsBe)
 13594 | Orc:2    | Killed pichaelthompson's ghost
 13594 | Orc:2    | Reached skill level 8 in Axes
 13877 | Lair:1   | Entered Level 1 of the Lair of Beasts
 14026 | Lair:1   | Reached skill level 9 in Axes
 14207 | Lair:1   | Noticed a four-headed hydra
 14232 | Lair:1   | Killed a four-headed hydra
 14486 | Lair:1   | Got an ancient large shield
 14492 | Lair:1   | Identified the +5 large shield "Qesann" {+Inv} (You found it on level 1 of the Lair of Beasts)
 14662 | Lair:1   | Reached XP level 12. HP: 82/99 MP: 4/25
 14989 | Lair:2   | Bought a pair of warped boots for 332 gold pieces
 14994 | Lair:2   | Identified the +0 pair of boots "Liafu" {+Fly rPois Str+6 SInv} (You bought it in a shop on level 2 of the Lair of Beasts)
 15175 | Lair:2   | Found a staircase to the Swamp.
 15181 | Lair:2   | Got a bound brass amulet
 15192 | Lair:2   | Reached skill level 10 in Axes
 15809 | Lair:2   | Learned a level 3 spell: Conjure Flame
 15809 | Lair:2   | Identified the amulet of Roebbo {Harm *Drain rElec} (You found it on level 2 of the Lair of Beasts)
 15921 | Lair:3   | Reached skill level 1 in Conjurations
 15921 | Lair:3   | Reached skill level 1 in Fire Magic
 16707 | Lair:3   | Noticed a six-headed hydra
 16718 | Lair:3   | Killed a six-headed hydra
 16999 | Lair:2   | Learned a level 1 spell: Flame Tongue
 17206 | Orc:2    | Noticed a two-headed ogre
 17214 | Orc:2    | Killed a two-headed ogre
 17634 | Orc:2    | Noticed an orc high priest
 17646 | Orc:2    | Killed an orc high priest
 17706 | Orc:2    | Noticed an orc high priest
 17713 | Orc:2    | Noticed an orc high priest
 17717 | Orc:2    | Killed an orc high priest
 17717 | Orc:2    | Reached skill level 11 in Axes
 18201 | Lair:4   | Noticed an eight-headed hydra
 18320 | Lair:4   | Reached skill level 10 in Armour
 18320 | Lair:4   | Reached XP level 13. HP: 96/107 MP: 7/26
 18350 | Lair:4   | Noticed Ymberto's ghost (journeyman DECj)
 18374 | Lair:4   | Killed Ymberto's ghost
 18467 | Lair:4   | Reached skill level 12 in Axes
 18529 | Lair:4   | Got a slimy ivory ring
 18531 | Lair:4   | Identified the ring of Starshine {rCorr rPois Int-2 Dex+2} (You found it on level 4 of the Lair of Beasts)
 19786 | Orc:1    | Reached skill level 13 in Axes
 21274 | Orc:2    | Reached skill level 14 in Axes
 21346 | Orc:1    | Killed Urug
 22050 | Orc:2    | Found Tuazxon's General Store.
 22053 | Orc:2    | Found Kejom's Book Shoppe.
 22054 | Orc:2    | Found Vyot's Food Shoppe.
 22055 | Orc:2    | Found Sukhol's Food Emporium.
 22418 | Orc:2    | Found a roughly hewn altar of Beogh.
 22915 | Lair:4   | Reached skill level 15 in Axes
 22926 | Lair:4   | Found a hole to the Spider Nest.
 23675 | Lair:4   | Gained mutation: You resist negative energy. (rN+) [Deep Dwarf growth]
 23675 | Lair:4   | Reached XP level 14. HP: 104/115 MP: 27/27
 24091 | D:12     | Noticed Nessos
 24115 | D:12     | Killed Nessos
 24115 | D:12     | Reached skill level 5 in Fighting
 24218 | D:12     | Noticed Frances
 24237 | D:12     | Killed Frances
 24366 | D:12     | Found a frozen archway.
 24537 | IceCv    | Entered an ice cave
 24841 | IceCv    | Got a pair of faintly glowing boots
 24854 | IceCv    | Identified the +0 pair of boots "Gulem" {+Fly rElec rCorr Str-4} (You found it in an ice cave)
 24970 | IceCv    | Reached skill level 1 in Shields
 25053 | IceCv    | Noticed a reaper
 25063 | IceCv    | Killed a reaper
 25808 | D:12     | Noticed Fannar
 25854 | D:12     | Killed Fannar
 25883 | D:12     | Noticed Psyche
 25891 | D:12     | Killed Psyche
 25900 | D:12     | Reached skill level 5 in Shields
 25981 | D:13     | Found a gate to the Vaults.
 26150 | D:13     | Reached skill level 16 in Axes
 26627 | D:13     | Found a runed door.
 26841 | D:13     | Noticed Maurice
 26917 | D:13     | Killed Maurice
 26956 | D:13     | Noticed an ironheart preserver
 27147 | D:13     | Killed an ironheart preserver
 27840 | D:13     | Reached XP level 15. HP: 85/134 MP: 5/28
 27977 | D:13     | Got a crystal arbalest
 27983 | D:13     | Identified the cursed +0 arbalest of Pucrin {speed, rC+ Dex+3} (You took it off a yaktaur on level 13 of the Dungeon)
 28007 | D:13     | Identified the Guide on Summoning
 28016 | D:13     | Got a faintly glowing great mace
 28017 | D:13     | Identified the cursed +2 great mace "Ynaujaus" {crush, Int+5} (You found it on level 13 of the Dungeon)
 28034 | D:13     | Got a dazzling shortbow
 28664 | D:14     | Reached skill level 17 in Axes
 29035 | D:14     | Identified 3 scrolls of acquirement
 29207 | D:14     | Got a heavily runed cloak
 29213 | D:14     | Identified the +2 cloak of the Harp {rElec rC- Str+4} (You acquired it on level 14 of the Dungeon)
 29216 | D:14     | Got a pair of steaming gloves
 29227 | D:14     | Identified the +1 pair of gloves of Follow the Leader {*Drain rElec MR+ Dex+5} (You acquired it on level 14 of the Dungeon)
 29457 | Elf:1    | Entered Level 1 of the Elven Halls
 29466 | Elf:1    | Found Tamiut's General Store.
 29509 | Elf:1    | Got a smoking quarterstaff
 29687 | Elf:1    | Reached skill level 10 in Fighting
 30493 | Lair:5   | Found an iron altar of Okawaru.
 30741 | Lair:6   | Entered Level 6 of the Lair of Beasts
 31057 | Lair:6   | Found a staircase to the Slime Pits.
 31492 | Lair:6   | Noticed Zogzag's ghost (journeyman HuIE)
 31506 | Lair:6   | Reached skill level 18 in Axes
 31521 | Lair:6   | Killed Zogzag's ghost
 32226 | Lair:6   | HP: 3/141 [drowned by a drowned soul[a merfolk avatar] (11)]
 32268 | Lair:6   | HP: 6/142 [/a scroll of torment (1)]
 32273 | Lair:6   | Learned a level 2 spell: Swiftness
 32827 | D:15     | Entered Level 15 of the Dungeon
 33122 | D:15     | Found a staircase to the Depths.
 33123 | D:15     | Noticed a fire giant
 33393 | D:15     | Reached XP level 16. HP: 33/151 MP: 29/29
 33628 | Swamp:1  | Entered Level 1 of the Swamp
 33781 | Swamp:1  | You fall through a shaft!
 34939 | D:9      | Killed MovingMist's ghost
 35619 | Elf:1    | Reached skill level 19 in Axes
 36510 | Elf:3    | Entered Level 3 of the Elven Halls
 36827 | Elf:3    | Got a crystal spear
 36828 | Elf:3    | Identified the +6 spear "Giant's Curse" {venom, +Blink rC+} (You found it on level 3 of the Elven Halls)
 37112 | Elf:3    | Found Uxunlego's Antique Armour Shoppe.
 37686 | Elf:2    | Reached skill level 20 in Axes
 37691 | Elf:2    | Noticed an Ice Fiend
 37902 | Elf:2    | Found a runed gate.
 37902 | Elf:2    | Found a runed gate.
 37902 | Elf:2    | Found a runed gate.
 38704 | Elf:2    | Reached skill level 5 in Dodging
 38998 | Spider:1 | Entered Level 1 of the Spider Nest
 39006 | Lair:4   | Reached XP level 17. HP: 111/162 MP: 30/30
 40890 | Elf:3    | Killed from afar by a deep elf sorcerer

Skill      XL: |  1  2  3  4  5  6  7  8  9 10 11 12 13 14 15 16 17 |
---------------+----------------------------------------------------+-----
Spellcasting   | 2 3 4 7 8 9 |  9.3
Necromancy     | 5 6 7 8 11 | 11.8
Armour         | 2 8 10 | 10.0
Fighting       | 1 2 4 8 11 12 13 | 13.1
Evocations     | 2 3 6 |  6.2
Axes           | 4 6 9 11 15 16 18 20 | 20.2
Conjurations   | 3 |  3.3
Fire Magic     | 3 |  3.6
Shields        | 5 |  5.1
Dodging        | 5 7 |  7.3
Stealth        | |  2.4

Action                   |  1- 3 |  4- 6 |  7- 9 | 10-12 | 13-15 | 16-18 || total
-------------------------+-------+-------+-------+-------+-------+-------++-------
Melee: Dagger            |    13 |    79 |   211 |       |       |       ||   303
       War axe           |       |       |     8 |   362 |   637 |   286 ||  1293
       Hand axe          |       |       |       |   207 |   317 |       ||   524
       Battleaxe         |       |       |       |       |    66 |       ||    66
       Great mace        |       |       |       |       |   364 |       ||   364
       Spear             |       |       |       |       |       |   232 ||   232
       Broad axe         |       |       |       |       |       |    94 ||    94
Throw: Throwing net      |       |       |     2 |       |       |       ||     2
 Cast: Pain              |    41 |   107 |    65 |    20 |       |       ||   233
       Vampiric Draining |     7 |    11 |   115 |   270 |   678 |   318 ||  1399
       Conjure Flame     |       |       |       |       |     1 |       ||     1
Invok: Call Merchant     |       |       |     1 |     2 |     4 |       ||     7
Evoke: Wand              |       |       |    31 |    35 |    10 |     9 ||    85
       Fan of gales      |       |       |       |       |     1 |     1 ||     2
  Use: Scroll            |     1 |     1 |     6 |    19 |    17 |     5 ||    49
       Potion            |       |       |       |     1 |     4 |     2 ||     7
 Stab: Paralysed         |       |       |    11 |     3 |       |       ||    14
       Distracted        |       |       |     6 |     2 |    12 |       ||    20
       Sleeping          |       |       |     1 |       |       |       ||     1
  Eat: Bread ration      |     1 |     2 |     1 |       |       |     2 ||     6
       Chunk             |     1 |       |       |       |       |       ||     1
       Fruit             |       |       |    11 |    24 |    20 |       ||    55
       Royal jelly       |       |       |     3 |     2 |     3 |     2 ||    10
       Meat ration       |       |       |       |     1 |     6 |     2 ||     9
Armor: Robe              |     4 |       |       |       |       |       ||     4
       Ring mail         |     8 |    26 |   111 |     6 |       |       ||   151
       Chain mail        |       |       |       |   518 |  1182 |   404 ||  2104
Dodge: Dodged            |    32 |    61 |   169 |   338 |   709 |   258 ||  1567
       Deflected         |       |       |       |       |       |    26 ||    26
Block: Other             |       |       |       |     1 |   429 |   169 ||   599
       Reflection        |       |       |       |       |    48 |     7 ||    55
       Buckler           |       |       |       |       |   267 |       ||   267
